 Dungeon Crawl Stone Soup version 0.30-a0-358-g0d69a1922f (webtiles) character file.

Game seed: 8950355705708765582

3809 mopl the Covert (level 10, -3/74 HPs)
             Began as an Octopode Delver on Nov 9, 2022.
             Was a Follower of Vehumet.
             Succumbed to barbed spike wounds
             ... on level 7 of the Dungeon.
             The game lasted 00:14:56 (6866 turns).

mopl the Covert (Octopode Delver)                   Turns: 6866, Time: 00:14:57

Health: -3/74      AC:  1    Str: 11      XL:     10   Next: 17%
Magic:  12/19      EV: 16    Int: 17      God:    Vehumet [*.....]
Gold:   381        SH:  0    Dex: 12 (14) Spells: 17/22 levels left

rFire   x . .      SeeInvis .    a - +0 falchion
rCold   + . .      Faith    .    (no shield)
rNeg    . . .      Spirit   .    (helmet restricted)
rPois   .          Reflect  .    (no amulet)
rElec   .          Harm     .    w - ring of ice
rCorr   .          Rampage  .    (no ring)
Will    .....                    (no ring)
Stlth   +++++.....               (no ring)
HPRegen 0.32/turn                (no ring)
MPRegen 0.16/turn                (no ring)
                                 (no ring)
                                 (no ring)

@: spiked
A: almost no armour, amphibious, 8 rings, camouflage 1, gelatinous body 1,
(nimble swimmer 1), tentacles
a: Renounce Religion


You were on level 7 of the Dungeon.
You worshipped Vehumet.
Vehumet was aware of your devotion.
You visited 2 branches of the dungeon, and saw 8 of its levels.
You also visited: Sewer and Ossuary.

You collected 601 gold pieces.
You spent 220 gold pieces at shops.

Inventory:

Hand Weapons
 a - a +0 falchion (weapon)
 b - a +1 longbow of freezing
Missiles
 B - 7 poisoned darts
Jewellery
 w - a ring of ice (left tentacle)
Wands
 f - a wand of digging (3)
 g - a wand of flame (18)
Scrolls
 c - 2 scrolls of magic mapping
 d - 2 scrolls of fear
 h - a scroll of enchant weapon {unknown}
 i - 3 scrolls of fog
 m - a scroll of silence {unknown}
 q - a scroll of amnesia {unknown}
 r - a scroll of immolation {unknown}
 s - a scroll of acquirement {unknown}
 t - 4 scrolls of blinking {unknown}
 u - a scroll of brand weapon {unknown}
 y - 2 scrolls of teleportation {unknown}
Potions
 e - 2 potions of haste
 j - 3 potions of heal wounds
 k - 4 potions of brilliance
 l - a potion of invisibility
 n - 5 potions of curing
 o - 4 potions of magic
 p - 3 potions of lignification {!q}
 v - 2 potions of might
 x - 2 potions of degeneration
 z - a potion of berserk rage {!q}
 A - a potion of cancellation {unknown}


   Skills:
 + Level 9.3 Fighting
 - Level 2.0 Long Blades
 + Level 9.1 Dodging
 - Level 10.5 Stealth
 + Level 6.5 Spellcasting
 + Level 6.7 Poison Magic
 + Level 7.8 Evocations


You had 17 spell levels left.
You knew the following spells:

 Your Spells              Type           Power      Damage    Failure   Level
a - Apportation           Tloc           10%        N/A       12%         1
o - Olgreb's Toxic Radia  Pois           28%        N/A       8%          4

Your spell library contained the following spells:

 Spells                   Type           Power      Damage    Failure   Level
 Shock                    Conj/Air       20%        1d4       12%         1
 Sting                    Tmut/Pois      64%        1d6       3%          1
 Poisonous Vapours        Pois/Air       32%        N/A       4%          2
 Necrotise                Necr           20%        1d5       12%         1
 Summon Small Mammal      Summ           20%        N/A       12%         1


Dungeon Overview and Level Annotations

Branches:
Dungeon (7/15)             Temple (1/1) D:5           Sewer (visited)
Ossuary (visited)

Altars:
Ashenzari
Dithmenos
Elyvilon
Fedhas
Gozag
Hepliaklqana
Kikubaaqudgha
Makhleb
Okawaru
Sif Muna
Trog
Uskayaw
Vehumet
Wu Jian
Xom
Zin
The Shining One

Shops:
D:2 (   D:3 :   D:6 *


Innate Abilities, Weirdness & Mutations

You cannot wear most types of armour.
You are amphibious.
You can wear up to eight rings at the same time.
Your skin changes colour to match your surroundings (Stealth+).
Your rubbery body absorbs attacks. (AC +1, EV +1)
((You are camouflaged when in or above water. (Stealth+)))
You have tentacles for arms and can constrict up to eight enemies at once.


Message History

Unknown command.
Unknown command.
You hit Duvessa. You grab Duvessa.
Duvessa is heavily wounded.
Duvessa looks as sick as possible!
The manticore looks even sicker.
You constrict Duvessa.
The manticore flicks its tail.
The volley of spikes hits you!!
The barbed spikes become lodged in your body.
Duvessa hits you with a +0 short sword! Dowan casts a spell at you.
The puff of frost hits you. You resist.
You hit Duvessa.
Duvessa is almost dead.
Duvessa looks as sick as possible!
Your toxic aura wanes.
You constrict Duvessa.
You kill Duvessa!
Vehumet accepts your kill.
You can now gain magical power from killing.
Vehumet offers you knowledge of Shock.
Dowan seems overcome with grief.
Dowan seems to find hidden reserves of power!
You kill Dowan!
Vehumet accepts your kill.
The manticore flicks its tail.
The volley of spikes hits you!!
The barbed spikes become lodged in your body.
The barbs in your skin will harm you if you move.
Continue?
The barbed spikes dig painfully into your body as you move.
* * * LOW HITPOINT WARNING * * *
There is a stone staircase leading up here.
You see here a bullfrog corpse.
Unknown command.
The manticore flicks its tail.
The volley of spikes hits you!!
The barbed spikes become lodged in your body.
* * * LOW HITPOINT WARNING * * *
The barbed spikes dig painfully into your body as you move.
You die... #.######## #........# #........# #........# #........# ..... .........# .... #.....)..# K)K

#.....)..#
##.. #
...#####@##
#.. /#
#.)###.# ..#
##..##.#...#
##.H..)...#
####?)#..#
...# # ...##
#...# #..##


You could see a manticore (very poisoned).

Vanquished Creatures
  Duvessa (D:7)
  Pargi (Sewer)
  2 black bears
  An ice beast (D:6)
  An ogre (D:4)
  A phantom (D:6)
  A kobold brigand (D:7)
  A gnoll sergeant (D:4)
  3 bullfrogs
  A necrophage (D:6)
  2 scorpions
  Dowan (D:7)
  A howler monkey (D:7)
  3 quasits (D:4)
  A jelly (D:6)
  6 orc priests
  2 hounds
  Ijyb (D:3)
  Terence (D:3)
  8 orc wizards
  Natasha (thrice) (D:3)
  4 iguanas
  9 mummies
  5 gnolls (D:4)
  7 adders
  3 shadow imps
  3 white imps
  10 ufetubi
  6 worms
  13 orcs
  8 endoplasms
  7 giant cockroaches
  8 goblins
  6 hobgoblins
  2 jackals (D:2)
  10 kobolds
  5 quokkas
  6 ball pythons
  2 bats
  A frilled lizard (Sewer)
  A hobgoblin zombie (D:5)
  6 kobold zombies
  3 orc zombies (Ossuary)
  4 rats
171 creatures vanquished.

Vanquished Creatures (others)
  5 demonic plants (D:4)
5 creatures vanquished.

Grand Total: 176 creatures vanquished

Notes
Turn   | Place    | Note
-------+----------+-------------------------------------------
     0 | D:5      | mopl the Octopode Delver began the quest for the Orb.
     0 | D:5      | Reached XP level 1. HP: 16/16 MP: 1/1
    63 | D:5      | Reached XP level 2. HP: 6/21 MP: 2/2
    67 | D:5      | HP: 1/21 [poisoned by an adder]
   234 | D:5      | Found a sand-covered staircase.
   240 | D:5      | Reached skill level 1 in Evocations
   251 | Ossuary  | Entered an ossuary
   274 | Ossuary  | Reached XP level 3. HP: 26/26 MP: 4/4
   298 | Ossuary  | Reached skill level 1 in Spellcasting
   334 | Ossuary  | Reached skill level 7 in Stealth
   350 | Ossuary  | Reached XP level 4. HP: 31/31 MP: 5/5
   517 | Ossuary  | Reached skill level 2 in Evocations
   517 | Ossuary  | Reached XP level 5. HP: 36/36 MP: 7/7
   782 | D:5      | Found a staircase to the Ecumenical Temple.
   791 | Temple   | Entered the Ecumenical Temple
   791 | Temple   | Found a transporter.
   791 | Temple   | Found a transporter.
   793 | Temple   | Found a transporter.
   793 | Temple   | Found a transporter.
   902 | D:5      | Noticed a black bear
  1033 | D:5      | Killed a black bear
  1034 | D:5      | Reached skill level 3 in Dodging
  1034 | D:5      | Reached skill level 2 in Spellcasting
  1034 | D:5      | Reached XP level 6. HP: 8/43 MP: 7/9
  1231 | D:5      | Found a white marble altar of Elyvilon.
  1576 | D:4      | Reached skill level 4 in Fighting
  1793 | D:3      | Noticed Natasha
  1800 | D:3      | Killed Natasha
  1811 | D:3      | Noticed Natasha
  1824 | D:3      | Killed Natasha
  1956 | D:3      | Found a glowing drain.
  1973 | Sewer    | Entered a sewer
  2067 | Sewer    | Noticed Pargi
  2079 | Sewer    | Killed Pargi
  2080 | Sewer    | Reached skill level 8 in Stealth
  2080 | Sewer    | Reached skill level 3 in Evocations
  2080 | Sewer    | Reached XP level 7. HP: 48/48 MP: 10/10
  2136 | Sewer    | Reached skill level 8 in Fighting
  2136 | Sewer    | Reached skill level 7 in Dodging
  2136 | Sewer    | Reached skill level 10 in Stealth
  2136 | Sewer    | Reached skill level 5 in Spellcasting
  2136 | Sewer    | Reached skill level 6 in Evocations
  2136 | Sewer    | Reached XP level 8. HP: 61/61 MP: 10/15
  2232 | D:3      | Noticed Natasha
  2242 | D:3      | Killed Natasha
  2403 | D:3      | Noticed Ijyb
  2413 | D:3      | Killed Ijyb
  2414 | D:3      | Found Wiunn's Book Shoppe.
  2432 | D:3      | Bought a Young Poisoner's Handbook for 220 gold pieces
  2437 | D:3      | Learned a level 4 spell: Olgreb's Toxic Radiance
  2437 | D:3      | Reached skill level 9 in Fighting
  2437 | D:3      | Reached skill level 8 in Dodging
  2437 | D:3      | Reached skill level 6 in Spellcasting
  2437 | D:3      | Reached skill level 6 in Poison Magic
  2437 | D:3      | Reached skill level 7 in Evocations
  2437 | D:3      | Reached XP level 9. HP: 63/68 MP: 15/18
  2662 | D:3      | Noticed Terence
  2669 | D:3      | Killed Terence
  3630 | D:2      | Found Edikiu's Weapon Boutique.
  3994 | D:4      | Found an ancient bone altar of Kikubaaqudgha.
  4785 | D:4      | Reached skill level 9 in Dodging
  5135 | D:4      | Found a radiant altar of Vehumet.
  5149 | D:4      | Found a broken altar of Ashenzari.
  5149 | D:4      | Found a shadowy altar of Dithmenos.
  5721 | D:4      | Became a worshipper of Vehumet
  5970 | D:6      | Found an opulent altar of Gozag.
  5973 | D:6      | Found Gozag's Platinum Reserve.
  6150 | D:6      | Learned a level 1 spell: Apportation
  6342 | D:6      | Reached XP level 10. HP: 68/74 MP: 19/19
  6573 | D:6      | Identified the +0 robe "Necoty" {rPois Int+4}
  6757 | D:7      | Noticed Dowan
  6857 | D:7      | Noticed Duvessa
  6860 | D:7      | Noticed a manticore
  6863 | D:7      | Killed Duvessa
  6863 | D:7      | Reached * piety under Vehumet
  6863 | D:7      | Offered knowledge of Shock by Vehumet.
  6863 | D:7      | Killed Dowan
  6865 | D:7      | HP: 3/74 [manticore/volley of spikes (18)]
  6866 | D:7      | Succumbed to barbed spike wounds

Illustrated notes

Levels and vault maps discovered:
D:1:      minmay_arrival_stone_box, layout_basic, serial_park_tiny_2,
          hangedman_glass_teeth
D:2:      layout_rooms, serial_shops, shop
D:3:      layout_basic, serial_shops, nicolae_shop_advertising_works
          [nicolae_subvault_shop_adworks], gup_sewer_entry_bubbles,
          uniq_natasha, uniq_terence, uniq_ijyb
D:4:      layout_layer_cave, mainiacjoe_overflow_concentric_impassable,
          nicolae_overflow_hidden_temple, serial_demonic, serial_demonic_d,
          serial_demonic_e, serial_demonic_e, serial_demonic_a,
          serial_demonic_c, serial_demonic_g, serial_demonic_e
D:5:      nicolae_cairo_tiling_large, layout_loops_corners, old_standard_altar,
          temple_statues, nicolae_ossuary_entry_giza
D:6:      layout_cave_pools, nicolae_gozag_zags_fifth_avenue
D:7:      minmay_chambers_of_fours, layout_rooms, mainiacjoe_overflow_brackets,
          uniq_duvessa
Temple:   hellmonk_temple_divided_pantheon

Skill      XL: |  1  2  3  4  5  6  7  8  9 |
---------------+----------------------------+-----
Evocations     | 1 2 3 6 7 |  7.8
Spellcasting   | 1 2 5 6 |  6.5
Stealth        | 7 8 10 | 10.5
Dodging        | 3 7 8 9 |  9.1
Fighting       | 4 8 9 |  9.3
Poison Magic   | 6 |  6.7
Long Blades    | |  2.0

Action                   |  1- 3 |  4- 6 |  7- 9 | 10-12 || total
-------------------------+-------+-------+-------+-------++-------
Melee: Falchion          |     9 |    21 |   110 |     8 ||   148
       Constrict         |     3 |     7 |    25 |     2 ||    37
       Tentacles         |       |     3 |    25 |     3 ||    31
       Punch             |       |       |     1 |       ||     1
 Fire: Longbow           |    39 |   105 |    99 |    18 ||   261
 Cast: Olgreb's Toxic Ra |       |       |    19 |     8 ||    27
Evoke: Wand              |       |       |     4 |       ||     4
  Use: Scroll            |       |     5 |     5 |       ||    10
       Potion            |       |       |     3 |       ||     3
 Stab: Sleeping          |     1 |     1 |    11 |       ||    13
Armor: Skin              |     3 |     3 |    10 |     2 ||    18
Dodge: Dodged            |     6 |    43 |   204 |    39 ||   292

Table legend: (Time is in decaauts)
 A = Elapsed time spent in this place.
 B = Non-inter-level travel time spent in this place.
 C = Inter-level travel time spent in this place.
 D = Time resting spent in this place.
 E = Time spent auto-exploring this place.
 F = Levels seen in this place.
 G = Mean time per level.
                   A        B        C        D        E       F      G
               +--------+--------+--------+--------+--------+-----+--------+
         Total |   7086 |   6666 |    420 |   1496 |   3276 |  10 |  708.6 |
       Dungeon |   6434 |   6025 |    409 |   1374 |   3119 |   7 |  919.1 |
        Temple |     33 |     23 |     10 |      0 |      0 |   1 |   33.0 |
         Sewer |    180 |    180 |      0 |     65 |     65 |   1 |  180.0 |
       Ossuary |    437 |    437 |      0 |     57 |     92 |   1 |  437.0 |
               +--------+--------+--------+--------+--------+-----+--------+

Top non-repeatable levels by time:
     D:4: 1675 daAuts
     D:3: 1342 daAuts
     D:5: 1271 daAuts
     D:6: 893 daAuts
     D:1: 771 daAuts
 Ossuary: 437 daAuts
     D:2: 376 daAuts
   Sewer: 180 daAuts
     D:7: 103 daAuts
  Temple: 33 daAuts
